 Dungeon Crawl Stone Soup version 0.25-a0-603-g0321be95db (webtiles) character file.

Game seed: 12019720526756432730, levelgen mode: deterministic

15705 GenChuck the Basher (level 12, 0/97 HPs)
             Began as a Minotaur Fighter on Mar 16, 2020.
             Was a Believer of Ru.
             Slain by a spectral orc knight
             ... wielding a +0 battleaxe
             ... summoned by Nergalle
              (8 damage)
             ... on level 1 of the Lair of Beasts.
             The game lasted 02:24:34 (13603 turns).

GenChuck the Basher (Minotaur Fighter)             Turns: 13603, Time: 02:24:35

Health: 0/97       AC:  6    Str: 26    XL:     12   Next: 3%
Magic:  11/11      EV:  9    Int:  5    God:    Ru [**....]
Gold:   544        SH: 12    Dex: 13    Spells: 11/11 levels left

rFire    . . .     SeeInvis +   I - +8 flail "Gefotey Rusk" {holy, MR+ Dex+3 SInv}
rCold    . . .     Gourm    .   c - +0 kite shield
rNeg     . . .     Faith    .   q - +1 troll leather armour
rPois    +         Spirit   .   t - +1 hat
rElec    .         Reflect  .   (no cloak)
rCorr    .         Harm     .   (no gloves)
MR       +....                  (no boots)
Stlth    ..........             n - amulet of rage
HPRegen  0.66/turn              l - ring of poison resistance
MPRegen  0.12/turn              s - ring of see invisible

@: heavily drained
A: retaliatory headbutt, horns 2, no stealth, inability to train armour
a: Renounce Religion, Evoke Berserk Rage


You were on level 1 of the Lair of Beasts.
You worshipped Ru.
Ru was pleased with you.
You were not hungry.

You visited 3 branches of the dungeon, and saw 13 of its levels.

You collected 544 gold pieces.

Inventory:

Hand Weapons
 g - a +3 flail of protection
 I - the +8 flail "Gefotey Rusk" (weapon) {holy, MR+ Dex+3 SInv}
   (You found it on level 1 of the Lair of Beasts)

   It has been blessed by the Shining One to cause great damage to the undead
   and demons.
   It affects your dexterity (+3).
   It affects your resistance to hostile enchantments.
   It lets you see invisible.
Missiles
 e - 57 poisoned darts (quivered)
Armour
 c - a +0 kite shield (worn)
 q - a +1 troll leather armour (worn)
 t - a +1 hat (worn)
 u - a +2 chain mail of fire resistance
 G - a +1 ring mail of cold resistance
 K - a +3 leather armour
Jewellery
 d - an uncursed ring of wizardry
 j - a +2 ring of intelligence
 l - a ring of poison resistance (left hand)
 n - an amulet of rage (around neck)
 s - a ring of see invisible (right hand)
 F - a +3 ring of strength {unknown}
 H - an uncursed ring of poison resistance
Wands
 a - a wand of flame (8)
 r - a wand of disintegration (23)
 J - a wand of scattershot (9)
Scrolls
 o - a scroll of fear
 p - 3 scrolls of remove curse
 v - 2 scrolls of enchant weapon
 y - 5 scrolls of blinking
 B - a scroll of teleportation
Potions
 h - a potion of haste
 i - 5 potions of brilliance
 k - 4 potions of lignification
 m - a potion of resistance {unknown}
 w - a potion of cancellation {unknown}
 x - a potion of magic {unknown}
 z - a potion of berserk rage {unknown}
 A - 4 potions of stabbing {unknown}
 C - a potion of flight {unknown}
 D - a potion of curing
 E - a potion of heal wounds {unknown}
Comestibles
 b - a chunk of flesh
 f - 18 rations


   Skills:
 + Level 6.3(4.3) Fighting
 - Level 14.0(11.6) Maces & Flails
 + Level 10.9(8.7) Throwing
 + Level 10.9(8.6) Shields
 * Level 4.4(2.5) Unarmed Combat


You had 11 spell levels left.
You didn't know any spells.
Your spell library was empty.

Dungeon Overview and Level Annotations

Branches:
Dungeon (10/15)            Temple (1/1) D:6            Lair (2/6) D:10
  Swamp: Lair:2-4    Shoals: Lair:2-4     Snake: Lair:2-4    Spider: Lair:2-4
    Orc: D:9-12

Altars:
Ashenzari
Cheibriados
Dithmenos
Elyvilon
Fedhas
Gozag
Hepliaklqana
Kikubaaqudgha
Makhleb
Nemelex Xobeh
Okawaru
Qazlal
Ru
Sif Muna
Trog
Uskayaw
Vehumet
Wu Jian
Xom
Yredelemnul
Zin
The Shining One

Shops:
D:6 [   D:8 *

Annotations:
D:4 1 runed translucent door, ruphz's ghost, amateur NaIE
D:9 exclusion: obsidian statue
Lair:1 Nergalle


Innate Abilities, Weirdness & Mutations

You reflexively headbutt those who attack you in melee.
You have a pair of horns on your head.
You cannot be stealthy.
You cannot train Armour skill.


Message History

You headbutt the spectral orc!
You destroy the spectral orc!
Nergalle points at you and mumbles some strange words.
The bolt of negative energy hits you!!
You feel drained.
* * * LOW HITPOINT WARNING * * *
The bolt of negative energy hits the spectral orc.
The spectral orc completely resists.
You focus your will and blind Nergalle in retribution!
You hit Nergalle but do no damage.
Nergalle is almost dead.
The spectral orc knight hits you with a +3 great mace.
* * * LOW HITPOINT WARNING * * *
You block the spectral orc's attack.
You block the spectral orc warrior's attack.
The spectral orc knight hits you with a +0 battleaxe!
* * * LOW HITPOINT WARNING * * *
You feel drained.
The spectral orc hits you but does no damage.
The spectral orc knight hits you with a +0 battleaxe!
You die...

#...... #...... #......
#...... # ### ##..... .#####
##. ###.# #.....
####....###.###..#### #..##.
#...........ZZ......####...#.
#.........o@Z............#..
##.........ZZZZ..............
#...........Z................
##...........................
#.....)..................#...
#............................
##...........................
#.........#......#P.##.#....
##..##.o..#######.##P####....


You could see Nergalle (blind), 4 spectral orcs, a spectral orc warrior and 3
spectral orc knights.

Vanquished Creatures
  Josephine (D:10)
  4 two-headed ogres
  An unseen horror (D:7)
  A gargoyle (D:8)
  A centaur skeleton (D:10)
  2 spiny frogs (Lair:1)
  2 komodo dragons (Lair:1)
  A troll (D:8)
  Prince Ribbit (D:6)
  3 hippogriffs
  Sigmund (D:6)
  11 yaks
  5 wraiths (D:10)
  A wyvern (D:10)
  2 basilisks
  Eustachio (D:6)
  A steam dragon (D:10)
  A hungry ghost (D:10)
  Duvessa (D:4)
  4 water moccasins
  A porcupine (Lair:2)
  3 orc warriors
  4 ice beasts
  2 black bears (D:8)
  2 necrophages
  2 sky beasts
  3 centaurs
  4 ogres
  3 phantoms
  4 crocodiles (Lair:1)
  A big kobold (D:8)
  6 bullfrogs
  Dowan (D:4)
  4 scorpions
  A water moccasin skeleton (D:8)
  9 killer bees
  A howler monkey (D:8)
  5 crimson imps
  5 hounds
  5 orc priests
  2 bullfrog skeletons
  Jessica (D:2)
  4 iguanas
  Natasha (twice) (D:4)
  12 orc wizards
  11 worker ants
  3 hound zombies
  A hound skeleton (D:7)
  2 howler monkey skeletons
  16 adders
  A shadow imp (D:6)
  An ooze (D:1)
  An adder zombie (D:5)
  An adder skeleton (D:9)
  7 worms
  A dart slug (D:1)
  4 leopard geckos
  56 orcs
  8 giant cockroaches
  3 hobgoblins
  28 jackals
  13 kobolds
  2 quokkas
  3 ball pythons
  16 bats
  7 frilled lizards
  3 goblins
  A leopard gecko skeleton (D:5)
  A leopard gecko zombie (D:5)
  5 rats
  A plant (D:10)
328 creatures vanquished.

Vanquished Creatures (others)
  A komodo dragon (Lair:2)
  3 fungi
  2 withered plants (D:4)
6 creatures vanquished.

Grand Total: 334 creatures vanquished

Notes
Turn   | Place    | Note
-------+----------+-------------------------------------------
     0 | D:1      | GenChuck the Minotaur Fighter began the quest for the Orb.
     0 | D:1      | Reached XP level 1. HP: 19/19 MP: 0/0
    92 | D:1      | Reached XP level 2. HP: 27/27 MP: 1/1
   524 | D:1      | Reached XP level 3. HP: 31/33 MP: 2/2
   634 | D:1      | Reached skill level 3 in Maces & Flails
   951 | D:2      | Found an opulent altar of Gozag.
  1124 | D:2      | Reached XP level 4. HP: 40/40 MP: 3/3
  1134 | D:2      | Reached skill level 4 in Maces & Flails
  1290 | D:2      | Noticed Jessica
  1300 | D:2      | Killed Jessica
  1580 | D:2      | Found a blossoming altar of Fedhas.
  1617 | D:2      | Found a white marble altar of Elyvilon.
  2067 | D:3      | Reached skill level 5 in Maces & Flails
  2095 | D:3      | Found an ornate altar of the Wu Jian Council.
  2113 | D:3      | Reached XP level 5. HP: 46/46 MP: 4/4
  3020 | D:4      | Reached skill level 5 in Shields
  3129 | D:4      | Reached skill level 6 in Maces & Flails
  3229 | D:4      | Found a runed translucent door.
  3230 | D:4      | Noticed ruphz's ghost (amateur NaIE)
  3279 | D:4      | Reached XP level 6. HP: 52/52 MP: 5/5
  3347 | D:4      | Noticed Natasha
  3355 | D:4      | Killed Natasha
  3433 | D:4      | Noticed Natasha
  3438 | D:4      | Killed Natasha
  3838 | D:4      | Reached skill level 7 in Maces & Flails
  3873 | D:4      | Noticed Dowan
  3874 | D:4      | Noticed Duvessa
  3901 | D:4      | Killed Duvessa
  3901 | D:4      | Reached skill level 1 in Throwing
  3901 | D:4      | Reached XP level 7. HP: 27/59 MP: 6/6
  3903 | D:4      | Killed Dowan
  4114 | D:5      | Entered Level 5 of the Dungeon
  4146 | D:5      | Found a shadowy altar of Dithmenos.
  4296 | D:5      | Reached skill level 8 in Maces & Flails
  4645 | D:5      | Found a shattered altar of Ashenzari.
  4771 | D:5      | Reached skill level 1 in Stealth
  4827 | D:5      | Reached skill level 9 in Maces & Flails
  5127 | D:6      | Noticed Sigmund
  5136 | D:5      | Reached XP level 8. HP: 33/66 MP: 7/7
  5244 | D:6      | You fall into a shaft and drop 1 floor!
  5475 | D:7      | Found an iron altar of Okawaru.
  5840 | D:6      | Reached skill level 10 in Maces & Flails
  5844 | D:6      | Killed Sigmund
  5924 | D:6      | Found Poiwierr's Antique Armour Boutique.
  5925 | D:6      | Noticed Prince Ribbit
  5940 | D:6      | Killed Prince Ribbit
  5940 | D:6      | Reached XP level 9. HP: 37/71 MP: 8/8
  6015 | D:6      | Reached skill level 11 in Maces & Flails
  6267 | D:6      | Noticed Eustachio
  6283 | D:6      | Killed Eustachio
  6504 | D:6      | Found a staircase to the Ecumenical Temple.
  6512 | Temple   | Entered the Ecumenical Temple
  6708 | Temple   | Became a worshipper of Ru the Awakened
  6779 | D:6      | Reached skill level 5 in Throwing
  7299 | D:7      | Reached skill level 12 in Maces & Flails
  7480 | D:7      | Noticed an unseen horror
  7488 | D:7      | Killed an unseen horror
  8101 | D:8      | Reached XP level 10. HP: 62/78 MP: 9/9
  8529 | D:8      | Found Zin's Purification Station.
  8531 | D:8      | Found a glowing silver altar of Zin.
  8562 | D:8      | Reached skill level 13 in Maces & Flails
  8621 | D:8      | Gained mutation: You cannot be stealthy. [Ru sacrifice]
  8642 | D:8      | Found a sacrificial altar of Ru.
  9004 | D:8      | Noticed a gargoyle
  9018 | D:8      | Killed a gargoyle
  9208 | D:9      | Noticed a two-headed ogre
  9286 | D:9      | Noticed an obsidian statue
  9639 | D:9      | Found a sparkling altar of Nemelex Xobeh.
  9654 | D:9      | Killed a two-headed ogre
  9654 | D:9      | Reached skill level 14 in Maces & Flails
  9855 | D:9      | Found a burning altar of Makhleb.
 10018 | D:9      | Noticed a two-headed ogre
 10023 | D:9      | Killed a two-headed ogre
 10361 | D:10     | Entered Level 10 of the Dungeon
 10470 | D:10     | Got a polished arbalest
 10651 | D:9      | Reached XP level 11. HP: 39/84 MP: 10/10
 11036 | D:10     | Noticed Josephine
 11070 | D:10     | Noticed a two-headed ogre
 11093 | D:10     | Killed a two-headed ogre
 11093 | D:10     | Reached skill level 1 in Unarmed Combat
 11116 | D:10     | Killed Josephine
 11116 | D:10     | Reached skill level 10 in Shields
 11496 | D:10     | Gained mutation: You cannot train Armour skill. [Ru
                  | sacrifice]
 11496 | D:10     | Reached * piety under Ru
 11496 | D:10     | Reached ** piety under Ru
 11502 | D:10     | Found a staircase to the Lair.
 11779 | D:10     | Reached skill level 5 in Fighting
 11870 | D:10     | Noticed a two-headed ogre
 11882 | D:10     | Killed a two-headed ogre
 11882 | D:10     | Reached skill level 10 in Throwing
 12084 | Lair:1   | Entered Level 1 of the Lair of Beasts
 12427 | Lair:1   | HP: 4/89 [komodo dragon (18)]
 12777 | Lair:1   | Noticed Nergalle
 13080 | Lair:1   | Got a steaming flail
 13081 | Lair:1   | Identified the +8 flail "Gefotey Rusk" {holy, MR+ Dex+3
                  | SInv} (You found it on level 1 of the Lair of Beasts)
 13224 | Lair:1   | You fall into a shaft and drop 1 floor!
 13370 | Lair:2   | Reached XP level 12. HP: 47/96 MP: 11/11
 13513 | Lair:2   | Found a shadowy altar of Dithmenos.
 13603 | Lair:1   | Slain by a spectral orc knight

Levels and vault maps discovered:
D:1:      onia_arrival_larder, layout_basic
D:2:      layout_basic, lemuel_doored_altar, elyvilon_altar_5,
          overflow_temple_1_default, amethyst_killhole, uniq_jessica
D:3:      layout_rooms, old_standard_altar, first_ration
D:4:      layout_basic, gammafunk_ghost_grave, uniq_duvessa, uniq_natasha
D:5:      layout_rooms, lemuel_crystal_altar, nicolae_ashenzari_panopticon
D:6:      layout_loops_cross, minmay_temple_entry_statues_fountains,
          serial_shops, shop, hangedman_decor_peaks_small, nicolae_water_bricks,
          supply_closet_lemuel, kennysheep_dice, uniq_eustachio, uniq_sigmund,
          uniq_prince_ribbit1
D:7:      wander_river, layout_gridville, kennysheep_mini_moat
D:8:      layout_gridville, zin_purify, nicolae_ru_awakened_eye
D:9:      layout_loops_ring, nemelex_xobeh_ov_fountains_minmay, bloody_makhleb,
          grunt_ogre_cave, minmay_misc_feat_chi, minivault_16
D:10:     layout_irregular_city, dpeg_oklobed_lair,
          chequers_serial_rivers_micro_d, st_stairs_1, uniq_josephine
Temple:   nicolae_temple_x_marks_the_god
Lair:1:   layout_hall_layers, uniq_nergalle
Lair:2:   layout_chaotic_city, elwin_shoals_entry_stream, basic_altar,
          minmay_another_anthill, grunt_megastairs_4

Skill      XL: |  1  2  3  4  5  6  7  8  9 10 11 |
---------------+----------------------------------+-----
Shields        | 4 5 6 7 8 9 10 | 10.9
Armour         | 4 0 |  0.0
Fighting       | 4 6 |  6.3
Maces & Flails | 3 5 6 7 9 10 12 14 | 14.0
Throwing       | 1 2 4 6 8 10 | 10.9
Stealth        | 1 0 |  0.0
Unarmed Combat | 4 |  4.4

Action                   |  1- 3 |  4- 6 |  7- 9 | 10-12 || total
-------------------------+-------+-------+-------+-------++-------
Melee: Flail             |    91 |   203 |   274 |   490 ||  1058
       Headbutt          |    17 |    35 |    47 |   104 ||   203
Throw: Dart              |       |    26 |   128 |   226 ||   380
Invok: Sacrifice Stealth |       |       |       |     1 ||     1
       Sacrifice Durabil |       |       |       |     1 ||     1
  Use: Scroll            |       |     9 |     5 |     3 ||    17
       Potion            |       |       |       |     6 ||     6
 Stab: Sleeping          |       |       |     1 |       ||     1
       Invisible         |       |       |       |     1 ||     1
       Petrifying        |       |       |       |     1 ||     1
  Eat: Chunk             |     1 |     5 |    10 |     8 ||    24
       Ration            |       |     1 |     1 |     3 ||     5
Armor: Scale mail        |    49 |    37 |       |       ||    86
       Troll leather arm |       |    29 |    64 |    81 ||   174
Dodge: Dodged            |    26 |    46 |    64 |   119 ||   255
Block: Kite shield       |    45 |    94 |   125 |   202 ||   466

Table legend:
 A = Non-vault XP
 B = Vault XP
 C = Vault XP percentage of total XP
 D = Non-vault monster count
 E = Vault monster count
 F = Vault count percentage of total count
                 A         B        C        D         E       F
            +---------+---------+-------+---------+---------+-------
      Total |   16380 |    6056 |  27.0 |     299 |      29 |   8.8
            +---------+---------+-------+---------+---------+-------
        D:1 |      47 |       9 |  16.1 |      25 |       5 |  16.7
        D:2 |      91 |      37 |  28.9 |      30 |       1 |   3.2
        D:3 |      72 |       0 |   0.0 |      21 |       0 |   0.0
        D:4 |     317 |     267 |  45.7 |      23 |       3 |  11.5
        D:5 |     572 |       0 |   0.0 |      25 |       0 |   0.0
        D:6 |     974 |     812 |  45.5 |      22 |       5 |  18.5
        D:7 |    1718 |       0 |   0.0 |      25 |       0 |   0.0
        D:8 |    3077 |       0 |   0.0 |      43 |       0 |   0.0
        D:9 |    2105 |     872 |  29.3 |      34 |       1 |   2.9
       D:10 |    3491 |    3028 |  46.4 |      32 |       8 |  20.0
     Lair:1 |    3147 |       0 |   0.0 |      15 |       0 |   0.0
     Lair:2 |     769 |    1031 |  57.3 |       4 |       6 |  60.0
            +---------+---------+-------+---------+---------+-------
